 Dungeon Crawl Stone Soup version 0.24-a0-22-g2a401c0 (webtiles) character file.

Game seed: 16718415916999172710

7 Amnesiac the Digger (level 1, -4/13 HPs)
             Began as a Demonspawn Earth Elementalist on Feb 2, 2019.
             Slain by a gnoll
             ... wielding a +0 spear
              (9 damage)
             ... on level 2 of the Dungeon.
             The game lasted 00:00:56 (729 turns).

Amnesiac the Digger (Demonspawn Earth Elementalist)  Turns: 729, Time: 00:00:57

Health: -4/13      AC:  2    Str:  8    XL:     1   Next: 91%
Magic:  3/3        EV: 12    Int: 16    God:
Gold:   22         SH:  0    Dex: 13    Spells: 3/4 levels left

rFire    . . .     SeeInvis .   a - +0 dagger
rCold    . . .     Gourm    .   (no shield)
rNeg     . . .     Faith    .   c - +0 robe
rPois    .         Spirit   .   (no helmet)
rElec    .         Reflect  .   (no cloak)
rCorr    .         Harm     .   (no gloves)
MR       .....                  (no boots)
Stlth    ++........             (no amulet)
HPRegen  0.04/turn              (no ring)
MPRegen  0.08/turn              (no ring)

@: no status effects
A: no striking features
a: no special abilities


You were on level 2 of the Dungeon.
You were not hungry.

You visited 1 branch of the dungeon, and saw 2 of its levels.

You collected 22 gold pieces.

Inventory:

Hand Weapons
 a - a +0 dagger (weapon)
Missiles
 b - 47 stones (quivered)
Armour
 c - a +0 robe (worn)
Comestibles
 d - 2 rations


   Skills:
 - Level 1.7 Dodging
 - Level 2.0 Stealth
 + Level 2.1 Spellcasting
   Level 0.8 Transmutations
 * Level 3.0 Earth Magic


You had 3 spell levels left.
You knew the following spells:

 Your Spells              Type           Power        Failure   Level  Hunger
a - Sandblast             Erth           ##....       6%          1    #......

Your spell library contained the following spells:

 Spells                   Type           Power        Failure   Level  Hunger
 Passwall                 Tmut/Erth      #.......     14%         2    ###....
 Stone Arrow              Conj/Erth      #.....       32%         3    ###....
 Petrify                  Tmut/Erth      #.......     67%         4    #####..
 Lee's Rapid Deconstruct  Erth           ##........   86%         5    ######.


Dungeon Overview and Level Annotations

Branches:
Dungeon (2/15)

Altars:


Message History

Casting: Sandblast (safe; 6% risk of failure)
Confirm with . or Enter, or press ? or * to list all spells.
Aiming: Sandblast (safe; 6% risk of failure)
Press: ? - help, Shift-Dir - straight line, f - goblin
Aim: a goblin (hasn't noticed you)
The blast of sand hits the goblin!
You kill the goblin!
Training target 2.0 for Stealth reached!
Your Stealth skill increases to level 2!
b - 47 stones Unknown command.
You start resting.
Magic restored.
You start resting.
Some of the chunks of flesh in your inventory have rotted away.
A rat comes into view.
The rat bites you but does no damage.
You hit the rat but do no damage. The rat misses you.
You hit the rat.
The rat is severely wounded.
The rat misses you.
You hit the rat but do no damage.
The rat is severely wounded.
The rat closely misses you.
You hit the rat.
You kill the rat!
Your Earth Magic skill increases to level 3!
Found a stone staircase leading down.
e - a scroll labeled QUGUDW XADGHOI {!r} You start resting.
Some of the chunks of flesh in your inventory have rotted away.
A jackal comes into view.
You start resting.
HP restored.
Okay, then.
A goblin comes into view. It is wielding a +0 club.
The jackal barks!
You hear a bark!
A bat and a giant cockroach come into view.
Found an escape hatch in the floor.
There is a stone staircase leading down here.
You climb downwards. 3 gnolls come into view.
The gnoll shouts! x2
Found a glowing purple potion.
Found a stone staircase leading up.
There is a stone staircase leading up here.
A hobgoblin comes into view. It is wielding a +0 club.
The gnoll hits you from afar with a +0 spear!
Ouch! That really hurt!
* * * LOW HITPOINT WARNING * * *
You see here a glowing purple potion {!q}.
There is a stone staircase leading up here.
You climb upwards.
There is a stone staircase leading down here.
You start resting.
All of the chunks of flesh in your inventory have rotted away.
HP restored.
You drop a scroll labeled QUGUDW XADGHOI {!r}.
You climb downwards.
The gnoll barely misses you. The gnoll hits you with a +0 spear.
* * * LOW HITPOINT WARNING * * *
There is a stone staircase leading up, spattered with blood here.
The gnoll hits you from afar with a +0 spear!
Ouch! That really hurt!
You die...

#.# #.# ##
#.##.# .
#.#...
#.#.#.g#
.#.#..#
..#..######
#.#.g<@...#
#.#g#####.#
#.<.#
#....##
#...g.#
#.......
#......#
#.#.#..#
#.#g#...


You could see 2 gnolls.

Vanquished Creatures
  A dart slug (D:1)
  2 goblins (D:1)
  A kobold (D:1)
  2 rats (D:1)
6 creatures vanquished.

Notes
Turn   | Place    | Note
-------+----------+-------------------------------------------
     0 | D:1      | Amnesiac the Demonspawn Earth Elementalist began the quest
                  | for the Orb.
     0 | D:1      | Reached XP level 1. HP: 13/13 MP: 3/3
   408 | D:1      | Reached skill level 3 in Earth Magic
   729 | D:2      | Slain by a gnoll

Vault maps used:
D:1:      matt_arrival_refuge, minmay_heptomino_d4
D:2:      minivault_24

Skill      XL: |  1 |
---------------+----+-----
Stealth        | 2 |  2.0
Earth Magic    | 3 |  3.0
Dodging        | |  1.7
Spellcasting   | |  2.1
Transmutations | |  0.8

Action                   || total
-------------------------++-------
Melee: Dagger            ||    22
       Unarmed           ||     6
 Cast: Sandblast         ||     3
Armor: Robe              ||     5
Dodge: Dodged            ||    14

Table legend:
 A = Non-vault XP
 B = Vault XP
 C = Vault XP percentage of total XP
 D = Non-vault monster count
 E = Vault monster count
 F = Vault count percentage of total count
                 A         B        C        D         E       F
            +---------+---------+-------+---------+---------+-------
      Total |      11 |       0 |   0.0 |       6 |       0 |   0.0
            +---------+---------+-------+---------+---------+-------
        D:1 |      11 |       0 |   0.0 |       6 |       0 |   0.0
            +---------+---------+-------+---------+---------+-------
